 Dungeon Crawl Stone Soup version 0.27.1-34-g3ba077fa99 (webtiles) character file.

Game seed: 8754618238952311482

21 McKennaii the Skirmisher (level 2, 0/24 HPs)
             Began as a Demonspawn Fighter on Jan 17, 2022.
             Succumbed to a goblin's poison
             ... on level 3 of the Dungeon.
             The game lasted 00:01:17 (2069 turns).

McKennaii the Skirmisher (Demonspawn Fighter)       Turns: 2069, Time: 00:01:17

Health: 0/24       AC:  7    Str: 16    XL:     2   Next: 62%
Magic:  2/2        EV:  6    Int:  9    God:
Gold:   51         SH:  8    Dex: 12    Spells: 1/1 levels left

rFire    . . .     SeeInvis .   a - +0 trident
rCold    . . .     Faith    .   c - +0 kite shield
rNeg     . . .     Spirit   .   b - +0 scale mail
rPois    .         Reflect  .   (no helmet)
rElec    .         Harm     .   (no cloak)
rCorr    .         Rampage  .   (no gloves)
Will     .....                  (no boots)
Stlth    ..........             (no amulet)
HPRegen  0.08/turn              (no ring)
MPRegen  0.08/turn              (no ring)

@: lethally poisoned (0 -> -16), attractive, invisible
A: rugged brown scales 1
a: no special abilities


You were on level 3 of the Dungeon.
You visited 1 branch of the dungeon, and saw 3 of its levels.

You collected 51 gold pieces.

Inventory:

Hand Weapons
 a - a +0 trident (weapon)
Armour
 b - a +0 scale mail (worn)
 c - a +0 kite shield (worn)
Wands
 h - a wand of flame (27)
Scrolls
 i - a scroll of noise {unknown}
Potions
 d - a potion of might
 g - a potion of curing {unknown}
 j - a potion of heal wounds {unknown}


   Skills:
 - Level 3.0 Fighting
 * Level 2.4 Polearms
 + Level 2.9 Armour
 + Level 2.9 Shields


You had one spell level left.
You didn't know any spells.
Your spell library contained the following spells:

 Spells                   Type           Power      Damage    Failure   Level
 Ignite Poison            Fire/Tmut/Pois 0%         N/A       100%        3
 Mephitic Cloud           Conj/Pois/Air  0%         N/A       100%        3
 Bolt of Magma            Conj/Fire/Erth 0%         4d4       100%        5


Dungeon Overview and Level Annotations

Branches:
Dungeon (3/15)

Altars:

Shops:
D:2 [

Annotations:
D:3 Robin


Innate Abilities, Weirdness & Mutations

You are partially covered in rugged brown scales. (AC +1, +3% HP)


Message History

No target in view!
j - a bubbling black potion A goblin comes into view.
It is wielding a +0 dagger of venom.
The goblin shouts!
You hear a shout!
A goblin is nearby!
A goblin and a hobgoblin come into view.
The hobgoblin shouts!
The goblin shouts!
You hear a shout!
A goblin comes into view. It is wielding a +0 dagger.
Robin of the Strong Arm comes into view.
They are wielding a +0 spear and wearing the +2 helmet of the Moon Troll {rElec Slay+2}.
Robin shouts!
You hear a shout!
Robin throws the goblin at you!
You catch the helpless goblin completely off-guard!
You hit the goblin.
You kill the goblin!
Robin throws the goblin at you! You block the goblin's attack. x2
You hit the goblin.
The goblin is severely wounded.
The goblin hits you but does no damage.
You are poisoned.
A goblin comes into view. It is wielding a +0 club.
Robin throws the goblin at you! The goblin completely misses you.
The goblin hits you but does no damage.
You are more poisoned.
The goblin shouts!
Unknown command.
You feel very sick. The hobgoblin hits you. You block the goblin's attack.
The goblin hits you but does no damage.
You are more poisoned.
You feel very sick. The hobgoblin hits you.
It was a potion of attraction.
You feel attractive to monsters.
* * * LOW HITPOINT WARNING * * *
You feel very sick. You block the goblin's attack.
Unknown command.
It was a potion of invisibility.
You fade into invisibility!
You die...

##.#.# #..## ##....#
#... ##..†..## #..#
#.......# #..#
..........# #..#
...#.......####).######
##.##..........g.gg.g.#
# #.....#####gg####..
#.###.# #@g# ... #..
#...# ## #.# ..##.# ..
#.#. .# .# #. # # . ##


You could see Robin, a hobgoblin and 4 goblins.

Vanquished Creatures
  A dart slug (D:2)
  A ball python (D:2)
  2 bats
  2 endoplasms (D:1)
  2 goblins
  2 hobgoblins (D:1)
  2 quokkas
  A frilled lizard (D:1)
  2 kobolds (D:1)
  A rat (D:3)
16 creatures vanquished.

Vanquished Creatures (others)
  2 plants (D:1)
2 creatures vanquished.

Grand Total: 18 creatures vanquished

Notes
Turn   | Place    | Note
-------+----------+-------------------------------------------
     0 | D:1      | McKennaii the Demonspawn Fighter began the quest for the
                  | Orb.
     0 | D:1      | Reached XP level 1. HP: 18/18 MP: 1/1
   384 | D:1      | Gained mutation: You are partially covered in rugged brown
                  | scales. (AC +1, +3% HP) [demonic ancestry]
   384 | D:1      | Reached XP level 2. HP: 18/24 MP: 2/2
  1179 | D:2      | Found Voprenwi's Antique Armour Emporium.
  2063 | D:3      | Identified the +2 helmet of the Moon Troll {rElec Slay+2}
  2063 | D:3      | Noticed Robin
  2069 | D:3      | Succumbed to a goblin's poison

Illustrated notes

Levels and vault maps discovered:
D:1:      minmay_arrival_stair_chambers, layout_loops_cross,
          chequers_serial_rivers_micro_c, serial_bayou_lagoon_a,
          chequers_serial_rivers_small_a
D:2:      layout_loops_corners, serial_shops, nicolae_lakefront_shop,
          minmay_tetromino_s2
D:3:      layout_loops_ring, nzn_overflow_gifts_of_might_and_magic, uniq_ijyb,
          uniq_terence, uniq_robin

Skill      XL: |  1 |
---------------+----+-----
Polearms       | 2 |  2.4
Fighting       | |  3.0
Armour         | |  2.9
Shields        | |  2.9

Action                   || total
-------------------------++-------
Melee: Trident           ||    44
  Use: Potion            ||     2
 Stab: Distracted        ||     1
Armor: Scale mail        ||    16
Dodge: Dodged            ||     6
Block: Kite shield       ||    20
